 Dungeon Crawl Stone Soup version 0.31-a0-152-g6aa68a64a1 (webtiles) character file.

Game seed: 4080850203121268735

46 qw the Shooter (level 3, 0/32 HPs)
             Began as a Naga Hunter on June 9, 2023.
             Killed from afar by Natasha (3 damage)
             ... with a magic dart
             ... on level 2 of the Dungeon.
             The game lasted 00:00:16 (608 turns).

qw the Shooter (Naga Hunter)                         Turns: 608, Time: 00:00:17

Health: 0/32       AC:  2    Str: 13    XL:     3   Next: 68%
Magic:  3/3        EV:  9    Int:  9    God:
Gold:   101        SH:  0    Dex: 16    Spells: 2/2 levels left

rFire   . . .        Y - +1 shortbow
rCold   . . .        (shield currently unavailable)
rNeg    . . .        c - +0 leather armour
rPois   +            (no helmet)
rElec   .            (no cloak)
rCorr   .            (no gloves)
SInv    +            (no barding)
Will    .....        (no amulet)
Stlth   ++           (no ring)
HPRegen 0.25/turn    (no ring)
MPRegen 0.08/turn

%: no passive effects
@: short of breath, very slow
A: AC +1, large, see invisible, deformed body, poison resistance, slowness 2,
spit poison 1, naga tail 1
a: Spit Poison


You were on level 2 of the Dungeon.
You visited 1 branch of the dungeon, and saw 2 of its levels.

You collected 101 gold pieces.


Innate Abilities, Weirdness & Mutations

Your serpentine skin is tough. (AC +1)
You have supernaturally acute eyesight. (SInv)
Armour fits poorly on your strangely shaped body.
Your system is resistant to poisons. (rPois)
You cover ground very slowly.
You can spit poison.
You have a snake-like lower body.


   Skills:
 - Level 2.0 Fighting
 + Level 4.8 Ranged Weapons
 - Level 1.5 Dodging
 - Level 1.5 Stealth


You had 2 spell levels left.
You didn't know any spells.
Your spell library was empty.

Inventory:

Hand Weapons
 Y - a +1 shortbow (weapon)
Armour
 c - a +0 leather armour (worn)
Potions
 a - a potion of attraction {unknown}
 g - a potion of resistance
 i - a potion of mutation {unknown}
 j - a potion of enlightenment {unknown}
 k - a potion of degeneration {unknown}

Dungeon Overview and Level Annotations

Branches:
Dungeon (2/15)

Altars:

Annotations:
D:2 Natasha


Message History

The splash of poison hits the jackal.
The jackal is almost dead.
You shoot an arrow. The arrow hits the jackal.
You kill the jackal!
Found 4 stones.
You have got your breath back.
You now have 101 gold pieces (gained 8).
Found a stone staircase leading down.
Natasha, Servant of Life and Death comes into view.
You shoot an arrow. The arrow hits Natasha.
Natasha is moderately wounded.
Natasha casts a spell at you. The magic dart hits you!
You shoot an arrow. The arrow barely misses Natasha.
Natasha mumbles some strange words.
602 ||| INVOKING Spit Poison.
Aiming: Spit Poison (2% risk of failure)
Press: ? - help, Shift-Dir - straight line, f/p - Natasha The splash of poison misses Natasha.
Natasha casts a spell at you. The magic dart hits you!
603 ||| Stepping ~*~*~tactically~*~*~ (outnumbered).
You shoot an arrow. The arrow hits the cerulean imp.
The cerulean imp is moderately wounded.
You have got your breath back.
The cerulean imp hits you from afar with a +1 spear.
605 ||| Stepping ~*~*~tactically~*~*~ (outnumbered).
Natasha casts a spell at you. The magic dart hits you!
606 ||| Stepping ~*~*~tactically~*~*~ (outnumbered).
607 ||| INVOKING Spit Poison.
Aiming: Spit Poison (2% risk of failure)
Press: ? - help, Shift-Dir - straight line, f - Natasha The splash of poison hits Natasha.
Natasha is poisoned.
Natasha is moderately wounded.
You shoot an arrow. The arrow hits Natasha!
Natasha is almost dead.
Natasha casts a spell at you. The magic dart hits you.
You die...

>## ..# #. ..# #. ..#
#.#.... #. ##..#
#.#... #. #...#
..#..#######.##5#.#
..#..........#.h#.#
..............(.@.#
..................#
.......######.###.#
.......## #...# .#
##.#....###...# ..
#.#..........########
#.#.##.....#.........
#.#.###.#############
#.#.# #>#


You could see Natasha (poisoned) and a cerulean imp (summoned).

Vanquished Creatures
  Natasha (D:2)
  3 endoplasms (D:1)
  3 goblins
  3 hobgoblins (D:1)
  3 jackals (D:2)
  A kobold (D:1)
  A ball python (D:1)
  A bat (D:2)
  2 frilled lizards (D:1)
  2 rats (D:1)
20 creatures vanquished.

Notes
Turn   | Place    | Note
-------+----------+-------------------------------------------
     0 | D:1      | qw the Naga Hunter began the quest for the Orb.
     0 | D:1      | Reached XP level 1. HP: 19/19 MP: 1/1
     0 | D:1      | 0 ||| qw: Version: 0.2-a-122-gbc61b45
     0 | D:1      | 0 ||| qw: Game counter: 3348
     0 | D:1      | 0 ||| qw: Always use a shield: true
     0 | D:1      | 0 ||| qw: God list: Okawaru
     0 | D:1      | 0 ||| qw: Allow faded altars: false
     0 | D:1      | 0 ||| qw: Do Orc after D:15 true
     0 | D:1      | 0 ||| qw: Do second Lair branch before Depths: true
     0 | D:1      | 0 ||| qw: Lair rune preference: random
     0 | D:1      | 0 ||| qw: Plans: Normal
     0 | D:1      | 0 ||| PLANNING D:1-11
    19 | D:1      | 19 ||| INVOKING Spit Poison.
    68 | D:1      | 68 ||| INVOKING Spit Poison.
    97 | D:1      | 97 ||| INVOKING Spit Poison.
   100 | D:1      | 100 ||| INVOKING Spit Poison.
   143 | D:1      | Reached skill level 4 in Ranged Weapons
   143 | D:1      | Reached XP level 2. HP: 26/26 MP: 2/2
   148 | D:1      | 148 ||| INVOKING Spit Poison.
   198 | D:1      | 198 ||| INVOKING Spit Poison.
   213 | D:1      | 213 ||| INVOKING Spit Poison.
   305 | D:1      | 305 ||| INVOKING Spit Poison.
   448 | D:1      | 448 ||| READING scroll labelled MAQIFY BECI.
   449 | D:1      | 449 ||| READING scroll labelled OXOCOSUEXT.
   450 | D:1      | 450 ||| READING scroll labelled FIGOYMM BOACEI.
   451 | D:1      | 451 ||| READING scroll labelled BAUFOH OXUXIU.
   452 | D:1      | 452 ||| DRINKING 2 viscous grey potions.
   453 | D:1      | 453 ||| DROPPING scroll of butterflies.
   471 | D:2      | 471 ||| INVOKING Spit Poison.
   473 | D:2      | Noticed Natasha
   476 | D:2      | 476 ||| INVOKING Spit Poison.
   480 | D:2      | Killed Natasha
   481 | D:2      | Reached XP level 3. HP: 20/32 MP: 3/3
   574 | D:2      | 574 ||| INVOKING Spit Poison.
   579 | D:2      | 579 ||| INVOKING Spit Poison.
   582 | D:2      | 582 ||| INVOKING Spit Poison.
   599 | D:2      | Noticed Natasha
   602 | D:2      | 602 ||| INVOKING Spit Poison.
   603 | D:2      | 603 ||| Stepping ~*~*~tactically~*~*~ (outnumbered).
   605 | D:2      | 605 ||| Stepping ~*~*~tactically~*~*~ (outnumbered).
   605 | D:2      | HP: 2/32 [Natasha/magic dart (7)]
   606 | D:2      | 606 ||| Stepping ~*~*~tactically~*~*~ (outnumbered).
   607 | D:2      | 607 ||| INVOKING Spit Poison.
   608 | D:2      | Killed from afar by Natasha

Levels and vault maps discovered:
D:1:      psy_arrival_conway, layout_rooms, minivault_23
D:2:      layout_basic, uniq_natasha

Skill      XL: |  1 |
---------------+----+-----
Ranged Weapons | 4 |  4.8
Fighting       | |  2.0
Dodging        | |  1.5
Stealth        | |  1.5

Action                     || total
---------------------------++-------
   Fire: Shortbow          ||    43
Ability: Spit Poison       ||    15
    Use: Scroll            ||     4
         Potion            ||     1
  Dodge: Dodged            ||    10

Table legend:
 A = Non-vault XP
 B = Vault XP
 C = Vault XP percentage of total XP
 D = Non-vault monster count
 E = Vault monster count
 F = Vault count percentage of total count
                 A         B        C        D         E       F
            +---------+---------+-------+---------+---------+-------
      Total |      31 |      36 |  53.7 |      19 |       1 |   5.0
            +---------+---------+-------+---------+---------+-------
        D:1 |      22 |       0 |   0.0 |      14 |       0 |   0.0
        D:2 |       9 |      36 |  80.0 |       5 |       1 |  16.7
            +---------+---------+-------+---------+---------+-------
